 Dungeon Crawl Stone Soup version 0.23.2-1-ga50397a (webtiles) character file.

Game seed: 10007157342411221954

103 xelsha the Thrower (level 4, -5/38 HPs)
             Began as a Gnoll Hunter on Apr 23, 2019.
             Killed by nerve-wracking pain
             ... invoked by an orc priest
              (10 damage)
             ... on level 3 of the Dungeon.
             The game lasted 00:09:11 (2647 turns).

xelsha the Thrower (Gnoll Hunter)                   Turns: 2647, Time: 00:09:12

Health: -5/38      AC:  5    Str: 14    XL:     4   Next: 79%
Magic:  5/5        EV: 13    Int: 15    God:
Gold:   151        SH:  0    Dex: 15    Spells: 2/5 levels left

rFire    . . .     SeeInvis .   a - +0 short sword
rCold    . . .     Gourm    .   (no shield)
rNeg     . . .     Faith    .   l - +0 ring mail
rPois    .         Spirit   .   (no helmet)
rElec    .         Reflect  .   (no cloak)
rCorr    +         Harm     .   (no gloves)
MR       .....                  (no boots)
Stlth    ++........             (no amulet)
HPRegen  0.12/turn              s - ring of resist corrosion
MPRegen  0.09/turn              (no ring)

@: no status effects
A: distributed training, fangs 1, strong nose
a: no special abilities


You were on level 3 of the Dungeon.
You were not hungry.

You visited 1 branch of the dungeon, and saw 3 of its levels.

You collected 151 gold pieces.

Inventory:

Hand Weapons
 a - a +0 short sword (weapon)
 d - a +1 hunting sling of freezing
 x - a +0 blowgun
Missiles
 c - 6 javelins
 k - 161 stones (quivered)
 w - 15 arrows
 y - 6 poisoned needles
Armour
 b - a +0 leather armour
 l - a +0 ring mail (worn)
Jewellery
 s - a ring of resist corrosion (left hand)
Scrolls
 e - a scroll of fog {unknown}
 i - a scroll of immolation {unknown}
 j - 2 scrolls of identify {unknown}
 m - a scroll of teleportation {unknown}
 r - 2 scrolls of remove curse
 u - a scroll of amnesia {unknown}
 v - a scroll of blinking {unknown}
Potions
 g - 2 potions of brilliance
 n - a potion of heal wounds {unknown}
 o - 3 potions of lignification {unknown}
 p - a potion of haste {unknown}
 q - 2 potions of curing {unknown}
 t - a potion of resistance {unknown}
 z - a potion of mutation {unknown}
Comestibles
 f - 3 rations


   Skills:
 + Level 4.7 Fighting
 + Level 1.2 Short Blades
 + Level 1.2 Long Blades
 + Level 1.2 Axes
 + Level 1.2 Maces & Flails
 + Level 1.2 Polearms
 + Level 1.2 Staves
 + Level 1.2 Slings
 + Level 1.2 Bows
 + Level 1.2 Crossbows
 + Level 8.6 Throwing
 + Level 1.2 Armour
 + Level 4.7 Dodging
 + Level 2.6 Stealth
 + Level 1.2 Shields
 + Level 1.2 Unarmed Combat
 + Level 1.2 Spellcasting
 + Level 1.0 Conjurations
 + Level 1.0 Hexes
 + Level 1.0 Charms
 + Level 1.0 Summonings
 + Level 1.0 Necromancy
 + Level 1.0 Translocations
 + Level 1.0 Transmutations
 + Level 1.0 Fire Magic
 + Level 1.0 Ice Magic
 + Level 1.0 Air Magic
 + Level 1.0 Earth Magic
 + Level 1.0 Poison Magic
 + Level 1.3 Invocations
 + Level 1.2 Evocations


You had 2 spell levels left.
You knew the following spells:

 Your Spells              Type           Power        Failure   Level  Hunger
a - Animate Skeleton      Necr           N/A          32%         1    ##.....
b - Apportation           Tloc           #.....       32%         1    ##.....
c - Confusing Touch       Hex            #.....       32%         1    ##.....

Your spell library contained the following spells:

 Spells                   Type           Power        Failure   Level  Hunger
 Summon Small Mammal      Summ           #...         32%         1    ##.....


Dungeon Overview and Level Annotations

Branches:
Dungeon (3/15)

Altars:
Trog


Innate Abilities, Weirdness & Mutations

Your experience applies equally to all skills.
You have very sharp teeth.
Your uncanny sense of smell can sniff out nearby items.


Message History

The orc priest is moderately wounded.
The orc priest hits you but does no damage.
The orc barely misses you. The orc hits you but does no damage.
You hit the orc priest.
The orc priest is moderately wounded.
The orc priest calls down the wrath of Beogh upon you.
Beogh smites you!
* * * LOW HITPOINT WARNING * * *
The orc closely misses you.
Your ring mail prevents you from hitting the orc priest.
The orc priest is moderately wounded.
The orc closely misses you. The orc priest closely misses you.
Your ring mail prevents you from hitting the orc.
The orc is almost dead.
The orc misses you. The orc priest hits you.
* * * LOW HITPOINT WARNING * * *
The orc closely misses you.
The orc priest invokes the aid of Beogh against you.
Pain shoots through your body!
You die...

############.###
.....>.........# ##
#####..###...#.### ..
#####..##....#.#(###.#
.............#.......#.#
........#....###.......#
###..........###.#######
# ###.####.....ooo..# #
### #...(##@####
#....#### #.o.....#
###'##### #.o..# #....#
##....# #######.....#
#..o.##.....#


You could see an orc priest and 2 orcs.

Vanquished Creatures
  An orc priest (D:3)
  An adder (D:2)
  3 worms
  2 orcs (D:3)
  A ball python (D:2)
  A giant cockroach (D:3)
  8 goblins
  7 hobgoblins
  A quokka (D:2)
  7 bats
  3 frilled lizards
  10 kobolds
  10 rats
55 creatures vanquished.

Notes
Turn   | Place    | Note
-------+----------+-------------------------------------------
     0 | D:1      | xelsha the Gnoll Hunter began the quest for the Orb.
     0 | D:1      | Reached XP level 1. HP: 20/20 MP: 1/1
   247 | D:1      | Reached XP level 2. HP: 25/26 MP: 2/2
  1094 | D:2      | Reached XP level 3. HP: 15/31 MP: 3/3
  1468 | D:2      | Reached skill level 1 in Invocations
  1785 | D:2      | Reached skill level 1 in Short Blades
  1785 | D:2      | Reached skill level 1 in Long Blades
  1785 | D:2      | Reached skill level 1 in Axes
  1785 | D:2      | Reached skill level 1 in Maces & Flails
  1785 | D:2      | Reached skill level 1 in Polearms
  1785 | D:2      | Reached skill level 1 in Staves
  1785 | D:2      | Reached skill level 1 in Slings
  1785 | D:2      | Reached skill level 1 in Bows
  1785 | D:2      | Reached skill level 1 in Crossbows
  1785 | D:2      | Reached skill level 1 in Armour
  1785 | D:2      | Reached skill level 1 in Shields
  1785 | D:2      | Reached skill level 1 in Unarmed Combat
  1785 | D:2      | Reached skill level 1 in Spellcasting
  1785 | D:2      | Reached skill level 1 in Evocations
  1949 | D:2      | Reached XP level 4. HP: 37/38 MP: 5/5
  2064 | D:3      | Noticed an ogre
  2109 | D:3      | Found a faded altar of an unknown god.
  2116 | D:3      | Learned a level 1 spell: Animate Skeleton
  2118 | D:3      | Learned a level 1 spell: Apportation
  2120 | D:3      | Learned a level 1 spell: Confusing Touch
  2207 | D:3      | Found a bloodstained altar of Trog.
  2250 | D:3      | Reached skill level 1 in Conjurations
  2250 | D:3      | Reached skill level 1 in Hexes
  2250 | D:3      | Reached skill level 1 in Charms
  2250 | D:3      | Reached skill level 1 in Summonings
  2250 | D:3      | Reached skill level 1 in Necromancy
  2250 | D:3      | Reached skill level 1 in Translocations
  2250 | D:3      | Reached skill level 1 in Transmutations
  2250 | D:3      | Reached skill level 1 in Fire Magic
  2250 | D:3      | Reached skill level 1 in Ice Magic
  2250 | D:3      | Reached skill level 1 in Air Magic
  2250 | D:3      | Reached skill level 1 in Earth Magic
  2250 | D:3      | Reached skill level 1 in Poison Magic
  2647 | D:3      | Killed from afar by an orc priest

Skill      XL: |  1  2  3  4 |
---------------+-------------+-----
Invocations    | 1 |  1.3
Short Blades   | 1 |  1.2
Long Blades    | 1 |  1.2
Axes           | 1 |  1.2
Maces & Flails | 1 |  1.2
Polearms       | 1 |  1.2
Staves         | 1 |  1.2
Slings         | 1 |  1.2
Bows           | 1 |  1.2
Crossbows      | 1 |  1.2
Armour         | 1 |  1.2
Shields        | 1 |  1.2
Unarmed Combat | 1 |  1.2
Spellcasting   | 1 |  1.2
Evocations     | 1 |  1.2
Conjurations   | 1 |  1.0
Hexes          | 1 |  1.0
Charms         | 1 |  1.0
Summonings     | 1 |  1.0
Necromancy     | 1 |  1.0
Translocations | 1 |  1.0
Transmutations | 1 |  1.0
Fire Magic     | 1 |  1.0
Ice Magic      | 1 |  1.0
Air Magic      | 1 |  1.0
Earth Magic    | 1 |  1.0
Poison Magic   | 1 |  1.0
Fighting       | |  4.7
Throwing       | |  8.6
Dodging        | |  4.7
Stealth        | |  2.6

Action                   |  1- 3 |  4- 6 || total
-------------------------+-------+-------++-------
Melee: Short sword       |   139 |    63 ||   202
       Bite              |    10 |    11 ||    21
       Punch             |     2 |       ||     2
 Fire: Hunting sling     |     7 |     6 ||    13
       Blowgun           |       |     1 ||     1
Throw: Throwing net      |     2 |       ||     2
       Javelin           |     1 |       ||     1
 Cast: Animate Skeleton  |       |     1 ||     1
       Confusing Touch   |       |     1 ||     1
  Use: Scroll            |     1 |       ||     1
       Potion            |     1 |       ||     1
 Stab: Sleeping          |     3 |     2 ||     5
       Confused          |       |     2 ||     2
  Eat: Chunk             |     3 |     3 ||     6
Armor: Leather armour    |     9 |       ||     9
       Ring mail         |    27 |    17 ||    44
Dodge: Dodged            |   103 |    56 ||   159
